 Dungeon Crawl Stone Soup version 0.20.1-1-g8b1a95d (webtiles) character file.

11437 LoNine the Fighter (level 11, -14/103 HPs)
             Began as a Minotaur Berserker on Oct 5, 2017.
             Was a High Priest of Trog.
             Demolished by a two-headed ogre
             ... wielding a +0 giant spiked club
              (22 damage)
             ... on level 9 of the Dungeon.
             The game lasted 00:58:36 (8736 turns).

LoNine the Fighter (Minotaur Berserker)             Turns: 8736, Time: 00:58:37

Health: -14/103    AC:  9    Str: 25    XL:     11   Next: 49%
Magic:  10/10      EV: 15    Int:  4    God:    Trog [*****.]
Gold:   291        SH:  0    Dex: 10    Spells: 10/10 levels left

rFire    + . .     SeeInvis .   f - +4 battleaxe (venom)
rCold    . . .     Gourm    .   (shield currently unavailable)
rNeg     + . .     Faith    .   H - +2 ring mail {rF+}
rPois    .         Spirit   .   (helmet restricted)
rElec    .         Reflect  .   (no cloak)
rCorr    .         Harm     .   (no gloves)
MR       ++...                  (no boots)
Stlth    ..........             (no amulet)
Regen    1.3/turn               N - ring of positive energy
MPRegen  0.2/turn               (no ring)

@: regenerating
A: retaliatory headbutt, horns 2
a: Berserk, Trog's Hand, Brothers in Arms, Burn Spellbooks, Renounce Religion


You were on level 9 of the Dungeon.
You worshipped Trog.
Trog was extremely pleased with you.
You were not hungry.

You visited 2 branches of the dungeon, and saw 10 of its levels.

You collected 291 gold pieces.

Inventory:

Hand Weapons
 f - a +4 battleaxe of venom (weapon)
Armour
 H - a +2 ring mail of fire resistance (worn)
Jewellery
 y - an uncursed ring of protection from magic
 N - a ring of positive energy (left hand)
Wands
 a - a wand of random effects (17/48)
 c - a wand of flame (10/48)
 m - a wand of clouds (5/9)
 q - a wand of digging (10/24)
 u - a wand of flame (30/48)
 x - a wand of random effects (23/48)
 B - a wand of flame (18/48)
 F - a wand of acid (4/15)
 L - a wand of polymorph (10/24)
Scrolls
 d - a scroll of immolation {unknown}
 e - 5 scrolls of identify
 g - a scroll of blinking {unknown}
 i - 2 scrolls of teleportation {unknown}
 j - a scroll of enchant weapon {unknown}
 p - 2 scrolls of fog {unknown}
 t - 4 scrolls of amnesia {unknown}
 v - a scroll of fear {unknown}
 w - 2 scrolls of enchant armour {unknown}
 D - 3 scrolls of remove curse {unknown}
 K - a scroll of recharging {unknown}
Potions
 b - 2 potions of flight {unknown}
 h - 2 potions of mutation {unknown}
 l - 4 potions of curing
 n - 5 potions of brilliance {unknown}
 o - a potion of lignification {unknown}
 r - 3 potions of cancellation {unknown}
 s - 5 potions of heal wounds {unknown}
 z - 2 potions of haste {unknown}
 A - a potion of magic {unknown}
 C - a potion of ambrosia {unknown}
 G - a potion of berserk rage {unknown}
 I - a potion of degeneration {unknown}
Books
 M - a book of Dreams

   Spells                             Type                      Level
   a - Ensorcelled Hibernation        Hexes/Ice                    2
   b - Silence                        Hexes/Air                    5
   c - Darkness                       Hexes                        6
   d - Shadow Creatures               Summoning                    6
   Trog disapproves of the use of such an item.
Comestibles
 k - 3 meat rations
 E - 3 fruits
 J - 5 royal jellies


   Skills:
 + Level 11.6 Fighting
 + Level 11.6 Axes
 + Level 10.8 Armour
 + Level 10.1 Dodging


You had 10 spell levels left.
You didn't know any spells.

Dungeon Overview and Level Annotations

Branches:
Dungeon (9/15)             Temple (1/1) D:6            Lair (0/6) D:8
    Orc (0/2) D:9

Altars:
Cheibriados
Fedhas
Gozag
Hepliaklqana
Okawaru
Ru
Trog

Shops:
D:6 [}:   D:9 [


Innate Abilities, Weirdness & Mutations

You reflexively headbutt those who attack you in melee.
You have a pair of horns on your head.


Message History

You closely miss the two-headed ogre.
The two-headed ogre is moderately wounded.
The two-headed ogre hits you with a giant spiked club!!
The two-headed ogre hits you with a giant club!
* * * LOW HITPOINT WARNING * * *
You feel better.
The two-headed ogre hits you with a giant spiked club!!
* * * LOW HITPOINT WARNING * * *
The two-headed ogre closely misses you.
You see here 3 arrows.
There is an open door here.
There isn't anything here!
You close the door.
A two-headed ogre opens the door.
The two-headed ogre misses you. The two-headed ogre closely misses you.
There is an open door here.
Your skin crawls.
You feel resistant to hostile enchantments.
You feel somewhat more hungry.
The two-headed ogre hits you with a giant spiked club!!
You die...

.........)........)#....
....##'##########.....#
. #...#...#...#......
#...'...#...#....#.
#.((#...#...#..##.#
##'#######'##......
#.Z.#..[#...#..#...
#.O.)...#...#......
#.@.#..}#...#......
##'#######'##......
#...#...#...#......
#...'...†...#......
#...#...#...#......
#############......
..............
..............
...#...........
.......#......
...............
.#.............


You could see a two-headed ogre and a worker ant zombie.

Vanquished Creatures
  A very ugly thing (D:9)
  A two-headed ogre (D:8)
  A queen ant (D:8)
  Pikel (D:9)
  A deep elf mage (D:9)
  2 hippogriffs (D:8)
  Sigmund (D:6)
  A wyvern (D:9)
  5 humans
  4 hogs (D:7)
  Menkaure (D:6)
  11 soldier ants (D:8)
  3 porcupines (D:8)
  Duvessa (D:6)
  3 ice beasts
  A sky beast (D:8)
  A black bear (D:8)
  A necrophage (D:8)
  3 phantoms
  4 wolves
  4 ogres
  A centaur (D:9)
  3 crocodiles (D:8)
  A big kobold (shapeshifter) (D:9)
  A bullfrog (D:9)
  Dowan (D:6)
  17 killer bees
  3 wights (D:8)
  A howler monkey (D:4)
  4 crimson imps
  2 bullfrog zombies
  2 jellies
  3 orc priests
  3 bullfrog skeletons
  Crazy Yiuf (D:3)
  10 orc wizards
  Terence (D:3)
  An iguana (D:8)
  Ijyb (D:3)
  39 worker ants
  A hound zombie (D:5)
  3 worker ant zombies
  15 adders
  3 shadow imps
  An adder skeleton (D:4)
  2 worms
  8 dart slugs
  A leopard gecko (D:3)
  27 orcs
  8 bats
  8 giant cockroaches
  10 goblins
  11 hobgoblins
  5 jackals
  3 quokkas
  A ball python (D:3)
  4 frilled lizards
  6 kobolds
  A leopard gecko zombie (D:7)
  11 rats
  A fungus (D:8)
276 creatures vanquished.

Vanquished Creatures (others)
  A slave (D:9)
  An orc (D:9)
  A plant (D:8)
3 creatures vanquished.

Grand Total: 279 creatures vanquished

Notes
Turn   | Place    | Note
-------+----------+-------------------------------------------
     0 | D:1      | LoNine the Minotaur Berserker began the quest for the Orb.
     0 | D:1      | Reached XP level 1. HP: 19/19 MP: 0/0
   100 | D:1      | Reached XP level 2. HP: 18/27 MP: 1/1
   307 | D:1      | Reached XP level 3. HP: 32/33 MP: 2/2
   525 | D:1      | Reached ** piety under Trog
   787 | D:2      | Reached XP level 4. HP: 38/41 MP: 3/3
   956 | D:2      | Found an iron altar of Okawaru.
  1097 | D:3      | Noticed Ijyb
  1103 | D:3      | Killed Ijyb
  1226 | D:3      | Reached skill level 5 in Fighting
  1233 | D:3      | Reached XP level 5. HP: 46/48 MP: 4/4
  1282 | D:3      | Reached *** piety under Trog
  1283 | D:3      | Found an iron altar of Okawaru.
  1617 | D:3      | Found a runed door.
  1621 | D:3      | Noticed Crazy Yiuf
  1626 | D:3      | Killed Crazy Yiuf
  1772 | D:3      | Noticed Terence
  1788 | D:3      | Killed Terence
  1984 | D:4      | Reached skill level 5 in Axes
  1984 | D:4      | Reached XP level 6. HP: 56/56 MP: 5/5
  2240 | D:4      | Found a blossoming altar of Fedhas.
  2334 | D:4      | Reached **** piety under Trog
  2467 | D:4      | Reached skill level 5 in Armour
  2467 | D:4      | Reached XP level 7. HP: 42/63 MP: 6/6
  2913 | D:5      | Entered Level 5 of the Dungeon
  3329 | D:5      | Reached skill level 5 in Dodging
  3645 | D:6      | Found a staircase to the Ecumenical Temple.
  3655 | Temple   | Entered the Ecumenical Temple
  3661 | D:6      | Noticed a human
  3664 | D:6      | Noticed a human
  3665 | D:6      | Noticed a human
  3665 | D:6      | Noticed Menkaure
  3681 | Temple   | Killed a human
  3794 | Temple   | Killed a human
  3795 | Temple   | Killed a human
  3795 | Temple   | Reached XP level 8. HP: 35/71 MP: 7/7
  4189 | D:6      | Killed Menkaure
  4250 | D:6      | Found Mollommi's Gadget Emporium.
  4291 | D:6      | Noticed Sigmund
  4294 | D:6      | Noticed Duvessa
  4297 | D:6      | Noticed Dowan
  4298 | D:6      | Killed Sigmund
  4302 | D:6      | Killed Duvessa
  4305 | D:6      | Killed Dowan
  4395 | D:6      | Found an opulent altar of Gozag.
  4706 | D:6      | Found Bigruh's Book Shop.
  4792 | D:6      | Reached XP level 9. HP: 79/81 MP: 8/8
  5040 | D:6      | Found Siqioj's Armour Shoppe.
  5261 | D:7      | Found a snail-covered altar of Cheibriados.
  5600 | D:7      | Found a hazy altar of Hepliaklqana.
  5707 | D:7      | Reached ***** piety under Trog
  6263 | D:8      | Found a staircase to the Lair.
  6294 | D:8      | Reached XP level 10. HP: 84/91 MP: 9/9
  6641 | D:8      | Noticed a two-headed ogre
  6671 | D:8      | Killed a two-headed ogre
  6671 | D:8      | Reached skill level 10 in Fighting
  6671 | D:8      | Reached skill level 10 in Axes
  6917 | D:8      | Found a sacrificial altar of Ru.
  7164 | D:8      | Noticed a queen ant
  7206 | D:8      | Killed a queen ant
  7217 | D:8      | Reached skill level 10 in Armour
  7382 | D:8      | Received a gift from Trog
  7387 | D:8      | Reached XP level 11. HP: 93/101 MP: 10/10
  8141 | D:9      | Found Kuntanagoh's Armour Shoppe.
  8207 | D:9      | Reached ****** piety under Trog
  8232 | D:9      | Received a gift from Trog
  8460 | D:9      | Found a staircase to the Orcish Mines.
  8518 | D:9      | Noticed Pikel
  8534 | D:9      | Killed Pikel
  8564 | D:9      | Noticed a purple very ugly thing
  8585 | D:9      | Killed a purple very ugly thing
  8585 | D:9      | Reached skill level 10 in Dodging
  8639 | D:9      | Noticed a deep elf mage
  8639 | D:9      | Noticed an orb spider
  8644 | D:9      | an orb spider changed into a hornet
  8649 | D:9      | Killed a deep elf mage
  8721 | D:9      | Noticed a two-headed ogre
  8727 | D:9      | HP: 4/103 [two-headed ogre/giant spiked club (18)]
  8736 | D:9      | Demolished by a two-headed ogre

Skill      XL: |  1  2  3  4  5  6  7  8  9 10 11 |
---------------+----------------------------------+-----
Fighting       | 4 5 6 8 9 10 11 | 11.6
Axes           | 4 5 6 8 9 10 11 | 11.6
Armour         | 3 4 5 7 8 10 | 10.8
Dodging        | 3 4 5 6 8 9 10 | 10.1

Action                   |  1- 3 |  4- 6 |  7- 9 | 10-12 || total
-------------------------+-------+-------+-------+-------++-------
Melee: Hand axe          |    90 |   154 |   231 |   243 ||   718
       Headbutt          |    14 |    30 |    51 |    73 ||   168
       Battleaxe         |       |       |       |    54 ||    54
Invok: Berserk           |     1 |     4 |     8 |    10 ||    23
       Trog's Hand       |       |       |     1 |     4 ||     5
       Burn Spellbooks   |       |       |     1 |     1 ||     2
  Use: Scroll            |       |     2 |     4 |     2 ||     8
       Potion            |       |       |       |     8 ||     8
  Eat: Bread ration      |     1 |     1 |     5 |     3 ||    10
       Meat ration       |       |       |       |     1 ||     1
Armor: Animal skin       |     9 |       |       |       ||     9
       Chain mail        |    32 |    65 |    44 |       ||   141
       Ring mail         |       |       |    31 |    62 ||    93
Dodge: Dodged            |    66 |    71 |   102 |   192 ||   431
